 Dungeon Crawl Stone Soup version 0.31-a0-1202-ga8fea8b373 (webtiles) character file.

Game seed: 14638632691764566901

4492 Dirtsage the Mimic (level 10, -9/73 HPs)
             Began as an Octopode Shapeshifter on Dec 12, 2023.
             Was a Follower of the Shining One.
             Mangled by a yak (12 damage)
             ... on level 9 of the Dungeon.
             The game lasted 00:16:03 (8665 turns).

Dirtsage the Mimic (Octopode Shapeshifter)          Turns: 8665, Time: 00:16:04

Health: -9/73      AC:  1    Str: 14    XL:     10   Next: 38%
Magic:  12/12      EV: 20    Int: 12    God:    the Shining One [*.....]
Gold:   497        SH:  0    Dex: 16    Spells: 9/9 levels left

rFire   . .          .
                       - Unarmed
rCold   + . .        (shield currently unavailable)
rNeg    . . .        (helmet restricted)
rPois   .            y - amulet of the acrobat
rElec   .            (no ring)
rCorr   .            (no ring)
SInv    .            (no ring)
Will    +....        (no ring)
Stlth   +            (no ring)
HPRegen 0.32/turn    (no ring)
MPRegen 0.13/turn    (no ring)
                     (no ring)

%: acrobat
@: flux-form, slowed, glowing, studying Fighting, very slow
A: glow, contaminating, almost no armour, amphibious, 8 rings, camouflage 1,
gelatinous body 1, (nimble swimmer 1), tentacles, cold resistance 1,
strong-willed 1
a: Begin Untransformation, Renounce Religion, Divine Shield


You were on level 9 of the Dungeon.
You worshipped the Shining One.
The Shining One was aware of your devotion.
You were something dangerously unstable.
You visited 2 branches of the dungeon, and saw 10 of its levels.
You also visited: Bailey.

You collected 497 gold pieces.

Inventory:

Missiles
 v - 2 throwing nets
Jewellery
 y - an amulet of the acrobat (around mantle)
Talismans
 m - a maw talisman
Wands
 f - a wand of roots (3)
 z - a wand of paralysis (2)
 B - a wand of quicksilver (6)
Scrolls
 d - a scroll of enchant armour
 e - 2 scrolls of torment
 g - 2 scrolls of fear
 i - 2 scrolls of identify
 j - a scroll of vulnerability
 n - 3 scrolls of poison
 r - a scroll of butterflies
 s - a scroll of amnesia
 t - 3 scrolls of teleportation
 x - a scroll of noise {unknown}
 F - a scroll of immolation {unknown}
Potions
 a - 5 potions of curing {unknown}
 h - a potion of brilliance {unknown}
 k - a potion of magic {unknown}
 l - a potion of mutation
 o - 2 potions of enlightenment
 p - 2 potions of heal wounds {unknown}
 u - 2 potions of might {unknown}
 A - 2 potions of invisibility {unknown}
 D - a potion of ambrosia


   Skills:
 + Level 8.4 Fighting
 + Level 6.8 Dodging
 + Level 7.1 Unarmed Combat
 + Level 3.2 Invocations
 * Level 9.0 Shapeshifting


You had 9 spell levels left.
You didn't know any spells.
Your spell library contained the following spells:

 Spells                   Type           Power      Damage    Failure   Level
 Lesser Beckoning         Tloc           0%         N/A       45%         2
 Gell's Gravitas          Tloc           0%         N/A       69%         3
 Teleport Other           Tloc           0%         N/A       69%         3
 Vhi's Electric Charge    Tloc/Air       0%         N/A       97%         4
 Arcjolt                  Conj/Air       0%         1d10      100%        5
 Dispersal                Tloc           0%         N/A       100%        6
 Maxwell's Capacitive Co  Air            0%         ∞         100%        8


Dungeon Overview and Level Annotations

Branches:
Dungeon (9/15)             Temple (1/1) D:7            Lair (0/5) D:8
 Bailey (visited)
    Orc: D:9-12

Altars:
Ashenzari
Cheibriados
Dithmenos
Elyvilon
Fedhas
Gozag
Hepliaklqana
Kikubaaqudgha
Makhleb
Nemelex Xobeh
Okawaru
Qazlal
Ru
Sif Muna
Trog
Uskayaw
Vehumet
Wu Jian
Xom
Yredelemnul
Zin
The Shining One

Shops:
D:6 *   D:7 (   D:8 [

Annotations:
D:3 3 runed translucent doors, Mll's ghost, amateur GrBe
D:9 Erica


Innate Abilities, Weirdness & Mutations

You are something dangerously unstable.
You glow with magical radiation, making you easy to see and hit.
Foes you strike become dangerously contaminated with magical radiation.
You are incapable of wielding weapons or throwing items.
You cannot wear most types of armour.
You are amphibious.
You can wear up to eight rings at the same time.
Your skin changes colour to match your surroundings (Stealth+).
Your rubbery body absorbs attacks. (AC +1, EV +1)
((You are camouflaged when in or above water. (Stealth+)))
You have tentacles for arms and can constrict up to eight enemies at once.
Your flesh is cold resistant. (rC+)
You are strong-willed. (Will+)


Message History

You squeeze the yak, but do no damage.
The yak is moderately wounded.
You tentacle-slap the yak but do no damage.
The yak glows dangerously bright.
The yak is moderately wounded.
The yak misses you. The yak gores you! x2
You take 23 damage, and have 50/73 hp.
MASSIVE DAMAGE!!
You tentacle-slap the yak but do no damage.
The yak shudders as magic cascades through it!
The yak twists and deforms.
You squeeze the yak.
The yak is heavily wounded.
The yak gores you. The yak gores you!
You take 11 damage, and have 39/73 hp.
You tentacle-slap the yak.
The yak begins to glow.
The yak is heavily wounded.
The yak gores you. The yak closely misses you.
You take 4 damage, and have 35/73 hp.
You tentacle-slap the yak.
The yak glows dangerously bright.
You squeeze the yak.
The yak is severely wounded.
The yak gores you. The yak misses you. The yak barely misses you.
The yak gores you!
* * * LOW HITPOINT WARNING * * *
You take 18 damage, and have 17/73 hp.
MASSIVE DAMAGE!!
You barely miss the yak. Your squeeze misses the yak.
The yak is severely wounded.
The yak gores you.
* * * LOW HITPOINT WARNING * * *
The yak gores you!
* * * LOW HITPOINT WARNING * * *
You take 15 damage, and have 2/73 hp.
MASSIVE DAMAGE!!
You tentacle-slap the yak.
The yak shudders as magic cascades through it.
The yak twists and deforms.
The yak is almost dead.
The yak completely misses you. The yak misses you.
You tentacle-slap the yak.
The yak begins to glow.
You squeeze the yak!
You kill the yak!
The yak gores you!
You die...

........# #..........._..
........######........##...#
............).........#....
#############'##........#.#
.>..# .........+.......##.##
....# .........#............
....# .........#..##........
...## ...#######..##....#.#.
...# .. ######p.......#...
##### . #...xY............
....# #...Y#.......###+#
....# #....#.......# ....###
#... #.......# ....... #...
######### )...... #...
####.## #...


You could see Erica (invisible) and 2 yaks.

Vanquished Creatures
  Joseph (D:9)
  Prince Ribbit (D:8)
  Sigmund (D:2)
  6 yaks
  Eustachio (D:5)
  Edmund (D:4)
  A water moccasin (D:6)
  3 black bears
  3 sky beasts
  2 orc warriors
  2 ogres
  A kobold brigand (D:8)
  5 bullfrogs
  2 scorpions
  A gnoll sergeant (D:7)
  2 wights (D:9)
  3 killer bees (D:8)
  An electric eel (D:6)
  8 orc priests
  2 gnoll boudas
  3 hounds (D:6)
  2 iguanas
  Ijyb (D:4)
  6 orc wizards
  11 gnolls
  16 adders
  2 white imps (D:7)
  2 ufetubi (D:7)
  A worm (D:4)
  3 dart slugs
  25 orcs
  8 ball pythons
  6 bats
  8 endoplasms
  4 giant cockroaches
  15 goblins
  10 hobgoblins
  7 quokkas
  2 frilled lizards
  10 kobolds
  6 rats
195 creatures vanquished.

Vanquished Creatures (others)
  An orc (Bailey)
1 creature vanquished.

Grand Total: 196 creatures vanquished

Notes
Turn   | Place    | Note
-------+----------+-------------------------------------------
     0 | D:1      | Dirtsage the Octopode Shapeshifter began the quest for the
                  | Orb.
     0 | D:1      | Reached XP level 1. HP: 13/13 MP: 1/1
   133 | D:1      | Reached XP level 2. HP: 16/18 MP: 2/2
   820 | D:2      | Reached XP level 3. HP: 23/23 MP: 3/3
  1136 | D:2      | Reached XP level 4. HP: 28/29 MP: 4/4
  1315 | D:2      | Noticed Sigmund
  1326 | D:2      | Killed Sigmund
  1327 | D:2      | Reached skill level 4 in Shapeshifting
  1327 | D:2      | Reached XP level 5. HP: 30/35 MP: 5/5
  1457 | D:3      | Found a faded altar of an unknown god.
  1460 | D:3      | Reached XP level 6. HP: 34/41 MP: 6/6
  1619 | D:3      | Found a runed translucent gate.
  1619 | D:3      | Found a runed translucent gate.
  1620 | D:3      | Found a runed translucent gate.
  1621 | D:3      | Noticed Mll's ghost (amateur GrBe)
  1622 | D:3      | Identified the +7 scale mail of the Hairy God {rPois Str+5}
  1745 | D:3      | Found a sparkling altar of Nemelex Xobeh.
  1955 | D:3      | Found a stormy altar of Qazlal.
  2775 | D:4      | Noticed a black bear
  2791 | D:4      | Reached skill level 5 in Shapeshifting
  2907 | D:4      | Killed a black bear
  2908 | D:4      | Reached XP level 7. HP: 17/46 MP: 7/7
  3209 | D:4      | Found a snail-covered altar of Cheibriados.
  3484 | D:4      | Noticed Ijyb
  3496 | D:4      | Gained mutation: Your flesh is cold resistant. (rC+)
                  | [potion of mutation]
  3496 | D:4      | Gained mutation: You are strong-willed. (Will+) [potion of
                  | mutation]
  3503 | D:4      | Killed Ijyb
  3503 | D:4      | HP: 2/46 [constriction (1)]
  3907 | D:4      | Noticed Edmund
  3916 | D:4      | Killed Edmund
  3917 | D:4      | Reached XP level 8. HP: 25/54 MP: 8/8
  4076 | D:5      | Entered Level 5 of the Dungeon
  4076 | D:5      | Noticed Eustachio
  4196 | D:5      | Killed Eustachio
  4197 | D:5      | Reached skill level 5 in Unarmed Combat
  4197 | D:5      | Reached skill level 6 in Shapeshifting
  4436 | D:3      | Found a shadowy altar of Dithmenos.
  4531 | D:5      | Found a glowing silver altar of Zin.
  4691 | D:5      | Found a basalt altar of Yredelemnul.
  5007 | D:5      | Identified the +2 leather armour "Cohyloy" {rPois rC+
                  | Will++ Stlth-}
  5062 | D:6      | Found Hinacz Xioka's General Store.
  5091 | D:6      | Reached skill level 5 in Fighting
  5325 | D:6      | Reached skill level 5 in Dodging
  5495 | D:6      | Reached skill level 7 in Shapeshifting
  5538 | D:6      | Found a glowing golden altar of the Shining One.
  5545 | D:6      | Became a worshipper of the Shining One
  5632 | D:6      | Found an ancient bone altar of Kikubaaqudgha.
  5769 | D:6      | Reached XP level 9. HP: 37/62 MP: 9/9
  6132 | D:7      | Found a burning altar of Makhleb.
  6188 | D:7      | Found Xiteif's Hydra Hut.
  6191 | D:7      | Noticed a six-headed hydra
  6205 | D:7      | Found a staircase to the Ecumenical Temple.
  6238 | Temple   | Entered the Ecumenical Temple
  6305 | D:7      | Found a flagged portal.
  6339 | Bailey   | Entered a bailey
  6556 | D:7      | Found a hide-covered altar of Uskayaw.
  6884 | D:7      | Found an ornate altar of the Wu Jian Council.
  7240 | D:8      | Reached * piety under the Shining One
  7250 | D:8      | Found Cumue's Armour Boutique.
  7287 | D:8      | Reached skill level 8 in Shapeshifting
  7476 | D:8      | Reached skill level 1 in Invocations
  7504 | D:8      | Reached XP level 10. HP: 25/72 MP: 11/11
  7718 | D:8      | Noticed Prince Ribbit
  7725 | D:8      | Killed Prince Ribbit
  7795 | D:8      | Found a blossoming altar of Fedhas.
  7997 | D:8      | Found a radiant altar of Vehumet.
  7997 | D:8      | Found a sacrificial altar of Ru.
  8182 | D:8      | Found a staircase to the Lair.
  8265 | D:8      | Found an iron altar of Okawaru.
  8396 | D:9      | Noticed Joseph
  8408 | D:9      | Killed Joseph
  8409 | D:9      | Reached skill level 9 in Shapeshifting
  8641 | D:9      | Found an opulent altar of Gozag.
  8654 | D:9      | Noticed Erica
  8663 | D:9      | HP: 2/73 [yak (12)]
  8665 | D:9      | Mangled by a yak

Illustrated notes

Levels and vault maps discovered:
D:1:      zelgadis_glass_arrival_small, layout_basic
D:2:      layout_basic, uniq_sigmund
D:3:      layout_loops_corners, nemelex_dance_club_becter, lemuel_round_altar,
          nicolae_overflow_hidden_temple, biasface_ghost_orc_armoury,
          nicolae_ecumenical_snake_handling, minmay_distorted
D:4:      layout_basic, cheibrodos_worm_habitat, chequers_avenue,
          minmay_manual_mullet, uniq_edmund, uniq_ijyb
D:5:      layout_rooms, lemuel_tele_altar, mainiacjoe_overflow_surrounded_room,
          uniq_eustachio
D:6:      layout_rooms, kiku_gazebo_pond_becter, nicolae_tso_carved_into_rock,
          serial_shops, shop, lightli_minifort
D:7:      layout_loops_cross, mainiacjoe_overflow_tiny_flanked,
          mainiacjoe_overflow_cross_hatched, nicolae_wu_jian_wuxing_cycle,
          minmay_temple_entry_statues_fountains, enter_bailey_4, minivault_19,
          doesnt_shop_hydraphobe
D:8:      layout_loops_ring, okawaru_altar_gauntlet_db,
          mainiacjoe_overflow_catwalk, gammafunk_temple_overflow_pools,
          dpeg_oklobed_lair, serial_shops, shop, uniq_prince_ribbit1
D:9:      layout_stronghold, mainiacjoe_overflow_small_starburst,
          serial_park_tiny_2, uniq_erica, uniq_joseph
Temple:   hellmonk_temple_flake

Skill      XL: |  1  2  3  4  5  6  7  8  9 10 |
---------------+-------------------------------+-----
Fighting       | 2 3 5 7 8 |  8.4
Dodging        | 3 4 5 6 |  6.8
Shapeshifting  | 4 5 7 8 9 |  9.0
Unarmed Combat | 4 5 6 7 |  7.1
Invocations    | 2 3 |  3.2

Action                     |  1- 3 |  4- 6 |  7- 9 | 10-12 || total
---------------------------+-------+-------+-------+-------++-------
  Melee: Unarmed           |    54 |    78 |   285 |    76 ||   493
         Constrict         |    20 |    21 |    78 |    23 ||   142
         Tentacles         |     8 |    11 |    70 |    29 ||   118
         Punch             |     2 |     7 |     7 |     1 ||    17
  Evoke: Wand              |       |       |     7 |     1 ||     8
    Use: Potion            |       |     2 |     4 |       ||     6
         Scroll            |       |       |     8 |       ||     8
   Stab: Sleeping          |     9 |     3 |     5 |       ||    17
         Distracted        |     2 |       |     1 |       ||     3
 Armour: Skin              |    16 |    43 |   133 |    29 ||   221
  Dodge: Dodged            |    31 |    50 |   178 |    57 ||   316
   Form: Flux              |       |       |     1 |       ||     1

Table legend: (Time is in decaauts)
 A = Elapsed time spent in this place.
 B = Non-inter-level travel time spent in this place.
 C = Inter-level travel time spent in this place.
 D = Time resting spent in this place.
 E = Time spent auto-exploring this place.
 F = Levels seen in this place.
 G = Mean time per level.
                   A        B        C        D        E       F      G
               +--------+--------+--------+--------+--------+-----+--------+
         Total |   8623 |   8291 |    332 |    569 |   6465 |  11 |  783.9 |
       Dungeon |   8590 |   8258 |    332 |    569 |   6465 |   9 |  954.4 |
        Temple |      4 |      4 |      0 |      0 |      0 |   1 |    4.0 |
        Bailey |     28 |     28 |      0 |      0 |      0 |   1 |   28.0 |
               +--------+--------+--------+--------+--------+-----+--------+

Top non-repeatable levels by time:
     D:4: 1631 daAuts
     D:3: 1344 daAuts
     D:8: 1191 daAuts
     D:7: 1189 daAuts
     D:6: 898 daAuts
     D:1: 780 daAuts
     D:2: 651 daAuts
     D:5: 608 daAuts
     D:9: 294 daAuts
  Bailey: 28 daAuts
  Temple: 4 daAuts
